 Dungeon Crawl Stone Soup version 0.29-a0-483-g69413ace17 (webtiles) character file.

Game seed: 13786345107090848284

352 Hubjo the Firebug (level 6, -2/36 HPs)
             Began as a Deep Elf Fire Elementalist on May 25, 2022.
             Slain by a phantom (6 damage)
             ... on level 4 of the Dungeon.
             The game lasted 00:03:32 (4780 turns).

Hubjo the Firebug (Deep Elf Fire Elementalist)      Turns: 4780, Time: 00:03:33

Health: -2/36      AC:  2    Str:  5    XL:     6   Next: 34%
Magic:  10/15      EV: 12    Int: 22    God:
Gold:   152        SH:  0    Dex: 15    Spells: 9/14 levels left

rFire   . . .      SeeInvis .   (no weapon)
rCold   . . .      Faith    .   (no shield)
rNeg    . . .      Spirit   .   a - +0 robe
rPois   .          Reflect  .   n - +0 hat
rElec   .          Harm     .   (no cloak)
rCorr   .          Rampage  .   (no gloves)
Will    .....                   (no boots)
Stlth   +++.......              (no amulet)
HPRegen 0.12/turn               (no ring)
MPRegen 0.14/turn               (no ring)

@: very slightly contaminated
A: no striking features
a: no special abilities


You were on level 4 of the Dungeon.
You visited 1 branch of the dungeon, and saw 4 of its levels.

You collected 152 gold pieces.

Inventory:

Armour
 a - a +0 robe (worn)
 n - a +0 hat (worn)
Wands
 p - a wand of flame (22)
Scrolls
 c - a scroll of enchant armour {unknown}
 f - a scroll of noise {unknown}
 g - a scroll of amnesia {unknown}
 j - a scroll of fear {unknown}
 k - a scroll of poison
 l - a scroll of blinking
 q - a scroll of fog
 r - a scroll of torment
 t - 2 scrolls of brand weapon {unknown}
Potions
 d - 2 potions of might {unknown}
 e - 2 potions of heal wounds {unknown}
 i - a potion of berserk rage {unknown}
 m - a potion of curing {unknown}
 o - a potion of haste {unknown}
 s - a potion of mutation {unknown}


   Skills:
 + Level 2.7 Fighting
 - Level 2.4 Dodging
 + Level 4.4 Stealth
 + Level 4.7 Spellcasting
 - Level 1.1 Conjurations
 * Level 5.1 Fire Magic


You had 9 spell levels left.
You knew the following spells:

 Your Spells              Type           Power      Damage    Failure   Level
a - Foxfire               Conj/Fire      72%        2x1d7     3%          1
b - Flame Wave            Conj/Fire      18%        2d6       28%         4

Your spell library contained the following spells:

 Spells                   Type           Power      Damage    Failure   Level
 Scorch                   Fire           54%        2d8       1%          2
 Conjure Flame            Conj/Fire      18%        6-21      9%          3
 Slow                     Hex            20%        N/A       11%         1
 Inner Flame              Hex/Fire       16%        N/A       11%         3
 Ensorcelled Hibernation  Hex/Ice        10%        N/A       16%         2
 Confusing Touch          Hex            5%         N/A       30%         3
 Spider Form              Tmut/Pois      5%         N/A       30%         3
 Vampiric Draining        Necr           5%         2d6       30%         3
 Anguish                  Hex/Necr       2%         N/A       71%         4


Dungeon Overview and Level Annotations

Branches:
Dungeon (4/15)
 Temple: D:4-7

Altars:
Cheibriados


Message History

You hear a shout! x2
The hound bites you but does no damage. The phantom hits you.
The phantom blinks!
You blink.
The phantom barely misses you. The hound closely misses you.
The hound bites you. The phantom hits you.
Casting: Flame Wave (extremely dangerous; 28% risk of failure)
Confirm with . or Enter, or press ? or * to list all spells.
You don't have enough magic to cast this spell.
Casting: Flame Wave (extremely dangerous; 28% risk of failure)
Confirm with . or Enter, or press ? or * to list all spells.
You don't know that spell.
Magic courses through your body. The hound barely misses you.
The phantom hits you.
The phantom blinks!
You blink.
A kobold and a hobgoblin come into view.
Found a ring mail and a cloak.
Casting: Flame Wave (extremely dangerous; 28% risk of failure)
Confirm with . or Enter, or press ? or * to list all spells.
You don't know that spell.
Casting: Flame Wave (extremely dangerous; 28% risk of failure)
Confirm with . or Enter, or press ? or * to list all spells.
The spell is extremely dangerous to miscast (28% risk of failure)!
Continue anyway?
Casting: Flame Wave (extremely dangerous; 28% risk of failure)
Press: ? - help, Dir - look around, f - activate A wave of flame ripples out!
The flame wave engulfs the phantom.
The phantom is severely damaged. (Press . to intensify the flame waves.)
You hear an angry hiss. x2
The phantom hits you!
* * * LOW HITPOINT WARNING * * *
Unknown command.
Unknown command.
Unknown command.
A wave of flame ripples out!
The flame wave engulfs the phantom.
The phantom is almost destroyed.
A hobgoblin comes into view.
The phantom hits you.
* * * LOW HITPOINT WARNING * * *
The phantom blinks!
You blink.
The phantom hits you.
You die...

. ..##...##..
..#..#...#..
...........
..........##
...........##
............###
#....<†.....##
#....g......g.
#....@......##
##..W.......#
#......h..[#
##.......§.#
#......K..#
#.....g....#
#..........#
##.........#
#..........


You could see a phantom, a hound, 2 hobgoblins, a goblin and a kobold.

Vanquished Creatures
  Sigmund (D:3)
  A necrophage (D:3)
  Ijyb (D:3)
  Robin (D:3)
  4 adders
  2 dart slugs
  2 endoplasms
  2 giant cockroaches
  13 goblins
  5 hobgoblins
  2 kobolds
  4 quokkas
  2 ball pythons (D:2)
  7 bats
  4 frilled lizards
  4 rats
55 creatures vanquished.

Vanquished Creatures (collateral kills)
  19 foxfires (D:1)
19 creatures vanquished.

Vanquished Creatures (others)
  439 foxfires
  2 plants (D:1)
441 creatures vanquished.

Grand Total: 515 creatures vanquished

Notes
Turn   | Place    | Note
-------+----------+-------------------------------------------
     0 | D:1      | Hubjo the Deep Elf Fire Elementalist began the quest for
                  | the Orb.
     0 | D:1      | Reached XP level 1. HP: 10/10 MP: 6/6
   863 | D:1      | Reached XP level 2. HP: 16/16 MP: 5/8
  1606 | D:1      | Reached skill level 1 in Fighting
  1701 | D:1      | Found a snail-covered altar of Cheibriados.
  2220 | D:2      | Reached XP level 3. HP: 20/20 MP: 3/9
  3062 | D:2      | Found a faded altar of an unknown god.
  3720 | D:3      | Noticed a necrophage
  3726 | D:3      | Killed a necrophage
  3727 | D:3      | Reached skill level 4 in Fire Magic
  3727 | D:3      | Reached XP level 4. HP: 26/26 MP: 4/12
  3732 | D:3      | Learned a level 4 spell: Flame Wave
  3827 | D:3      | Noticed Ijyb
  3834 | D:3      | Killed Ijyb
  3835 | D:3      | Reached XP level 5. HP: 7/30 MP: 3/13
  4080 | D:3      | Noticed Sigmund
  4085 | D:3      | Killed Sigmund
  4086 | D:3      | Reached XP level 6. HP: 36/36 MP: 8/15
  4256 | D:3      | Reached skill level 5 in Fire Magic
  4270 | D:3      | Noticed Robin
  4274 | D:3      | Killed Robin
  4780 | D:4      | Slain by a phantom

Illustrated notes

Levels and vault maps discovered:
D:1:      sevenhm_arrival_forest_fort_small_6, layout_basic,
          kennysheep_flooded_box, serial_bayou_lagoon_b
D:2:      layout_loops_ring, chequers_ecumenical_altar_grove
D:3:      layout_rooms, uniq_robin, uniq_ijyb, uniq_sigmund
D:4:      layout_cave_pods, minmay_temple_entry_waves, minmay_fire_ice_demons

Skill      XL: |  1  2  3  4  5  6 |
---------------+-------------------+-----
Fighting       | 1 2 |  2.7
Stealth        | 3 4 |  4.4
Spellcasting   | 4 |  4.7
Fire Magic     | 4 5 |  5.1
Dodging        | |  2.4
Conjurations   | |  1.1

Action                   |  1- 3 |  4- 6 || total
-------------------------+-------+-------++-------
Melee: Unarmed           |     1 |       ||     1
 Cast: Foxfire           |   208 |    60 ||   268
       Flame Wave        |       |     2 ||     2
  Use: Scroll            |       |     4 ||     4
       Potion            |       |     1 ||     1
Armor: Robe              |       |     4 ||     4
Dodge: Dodged            |     3 |    13 ||    16

Table legend: (Time is in decaauts)
 A = Elapsed time spent in this place.
 B = Non-inter-level travel time spent in this place.
 C = Inter-level travel time spent in this place.
 D = Time resting spent in this place.
 E = Time spent auto-exploring this place.
 F = Levels seen in this place.
 G = Mean time per level.
                   A        B        C        D        E       F      G
               +--------+--------+--------+--------+--------+-----+--------+
         Total |   4796 |   4672 |    124 |      0 |   4190 |   4 | 1199.0 |
       Dungeon |   4796 |   4672 |    124 |      0 |   4190 |   4 | 1199.0 |
               +--------+--------+--------+--------+--------+-----+--------+

Top non-repeatable levels by time:
     D:1: 2129 daAuts
     D:2: 1520 daAuts
     D:3: 1133 daAuts
     D:4: 12 daAuts
